 Dungeon Crawl Stone Soup version 0.30.1-4-g462c640d31 (webtiles) character file.

Game seed: 11991117225545482250

1278 Wiggles the Cleaver (level 8, -4/68 (70) HPs)
             Began as a Minotaur Berserker on Sept 7, 2023.
             Was a Believer of Trog.
             Slain by a gnoll
             ... wielding a +0 spear
             ... led by a gnoll bouda
              (6 damage)
             ... on level 6 of the Dungeon.
             The game lasted 00:08:25 (5124 turns).

Wiggles the Cleaver (Minotaur Berserker)            Turns: 5124, Time: 00:08:26

HP:   -4/68 (70)    AC: 15    Str: 23    XL:     8   Next: 29%
MP:   7/7           EV:  6    Int:  4    God:    Trog [**....]
Gold: 84            SH: 13    Dex: 11    Spells: 7/7 levels left

rFire   . . .        D - +5 war axe (freeze)
rCold   . . .        b - +0 kite shield
rNeg    . . .        A - +0 plate armour
rPois   .            (helmet restricted)
rElec   .            y - +0 cloak
rCorr   .            x - +0 pair of gloves
SInv    .            (no boots)
Will    .....        u - amulet of reflection Stlth
                     (no ring)
HPRegen 0.31/turn    (no ring)
MPRegen 0.10/turn

%: reflection
@: weakened, on berserk cooldown, slowed, lightly drained, very slow
A: horns 2, retaliatory headbutt
a: Renounce Religion, Berserk, Trog's Hand


You were on level 6 of the Dungeon.
You worshipped Trog.
Trog was pleased with you.
You visited 1 branch of the dungeon, and saw 6 of its levels.

You collected 360 gold pieces.
You spent 276 gold pieces at shops.

Inventory:

Hand Weapons
 D - a +5 war axe of freezing (weapon)
Armour
 b - a +0 kite shield (worn)
 x - a +0 pair of gloves (worn)
 y - a +0 cloak (worn)
 A - a +0 plate armour (worn)
Jewellery
 k - a ring of ice
 u - an amulet of reflection (around neck)
Wands
 v - a wand of polymorph (9)
 C - a wand of iceblast (10)
Scrolls
 d - a scroll of blinking {unknown}
 e - 10 scrolls of identify {unknown}
 g - a scroll of enchant weapon {unknown}
 h - a scroll of fear {unknown}
 i - a scroll of vulnerability {unknown}
 j - 3 scrolls of amnesia {unknown}
 m - a scroll of torment {unknown}
 o - a scroll of fog {unknown}
 t - a scroll of poison {unknown}
 w - a scroll of teleportation {unknown}
 B - a scroll of magic mapping {unknown}
Potions
 a - a potion of invisibility {unknown}
 c - a potion of curing {unknown}
 f - a potion of haste
 l - 2 potions of cancellation {unknown}
 n - a potion of lignification {unknown}
 p - 2 potions of brilliance {unknown}
 q - 2 potions of attraction {unknown}
 r - a potion of degeneration {unknown}
 s - a potion of heal wounds {unknown}


   Skills:
 + Level 5.7 Fighting
 + Level 8.2 Axes
 + Level 6.3 Armour
 + Level 3.7 Dodging
 + Level 1.2 Stealth
 + Level 4.1 Shields


You had 7 spell levels left.
You didn't know any spells.
Your spell library was empty.

Dungeon Overview and Level Annotations

Branches:
Dungeon (6/15)             Temple (0/1) D:5

Altars:
Okawaru
Uskayaw
The Shining One

Shops:
D:4 :[

Portals:
Abyss: D:4

Annotations:
D:4 2 transporters, ChiefBigBeans's ghost, novice DjFE


Innate Abilities, Weirdness & Mutations

You have a pair of horns on your head.
You reflexively headbutt those who attack you in melee.


Message History

You slice the orc priest!! You freeze the orc priest.
You kill the orc priest!
Trog accepts your kill.
You closely miss the gnoll. You barely miss the orc priest.
You slash the orc wizard! You freeze the orc wizard. You barely miss the orc.
You block the gnoll's attack. You block the orc priest's attack.
The orc wizard gestures at you while chanting.
The puff of flame hits you!
A gnoll comes into view. It is wielding a +0 whip.
You block the orc's attack. The gnoll barely misses you.
The orc wizard casts a spell at you.
The magic dart hits you but does no damage.
Items here: )) [ ††.
You feel a strong urge to attack something.
You are no longer berserk.
You are exhausted.
You feel yourself slow down. The gnoll hits you with a +0 whip.
* * * LOW HITPOINT WARNING * * *
You hit the gnoll. You freeze the gnoll. You headbutt the gnoll.
You kill the gnoll!
Trog accepts your kill.
You closely miss the orc. You hit the gnoll but do no damage. x2
The gnoll hits you but does no damage.
The gnoll bouda gazes fiercely through you!
You feel your attacks grow feeble.
The orc hits you with a +0 heavy morningstar!
* * * LOW HITPOINT WARNING * * *
You block the gnoll's attack.
You hear some strange, mumbled words.
Something tries to affect you, but you resist.
You block the gnoll's attack.
The orc priest hits you with a +2 mace of draining.
* * * LOW HITPOINT WARNING * * *
You feel drained.
* * * LOW HITPOINT WARNING * * *
A magic dart appears from out of thin air!
The magic dart hits you.
* * * LOW HITPOINT WARNING * * *
The gnoll hits you with a +0 spear.
You die...

..............
.............
............
...........##
............# ##
........{...##.###
....g.g)oo.......##..
.....g.@oo..............
........g..).#..........
........................
##.##.....))............
# ##..#.)......[......
#...#.....!#........
#....#.)...†.........
#.....##...)..........
..#.#.........<.......


You could see a gnoll bouda, an orc priest, an orc wizard, 3 gnolls and 2 orcs.

Vanquished Creatures
  Grinder (D:5)
  Duvessa (D:4)
  A centaur (D:6)
  A phantom (D:4)
  A kobold brigand (D:6)
  Blork the orc (D:5)
  A scorpion (D:4)
  4 wights (D:6)
  Dowan (D:4)
  Crazy Yiuf (D:4)
  An orc priest (D:6)
  A gnoll bouda (D:5)
  A hound (D:4)
  An iguana (D:6)
  Jessica (D:3)
  An orc wizard (D:5)
  8 gnolls
  2 adders (D:5)
  A shadow imp (D:5)
  2 white imps
  3 dart slugs
  11 orcs
  3 bats
  5 endoplasms
  4 giant cockroaches
  7 goblins
  3 hobgoblins
  3 jackals (D:1)
  4 quokkas
  2 ball pythons (D:1)
  2 frilled lizards
  8 kobolds
  7 rats
94 creatures vanquished.

Notes
Turn   | Place    | Note
-------+----------+-------------------------------------------
     0 | D:1      | Wiggles the Minotaur Berserker began the quest for the Orb.
     0 | D:1      | Reached XP level 1. HP: 19/19 MP: 0/0
   186 | D:1      | Reached skill level 4 in Axes
   186 | D:1      | Reached XP level 2. HP: 23/27 MP: 1/1
   399 | D:1      | You fall into a shaft and drop 1 floor!
   604 | D:2      | Reached XP level 3. HP: 33/33 MP: 2/2
   609 | D:2      | Reached skill level 1 in Shields
   611 | D:2      | Reached skill level 5 in Axes
   874 | D:1      | Reached XP level 4. HP: 40/40 MP: 3/3
  1595 | D:2      | Found a glowing golden altar of the Shining One.
  2193 | D:3      | Found an iron altar of Okawaru.
  2279 | D:3      | Noticed Jessica
  2283 | D:3      | Killed Jessica
  2361 | D:3      | Reached ** piety under Trog
  2733 | D:4      | Reached XP level 5. HP: 47/47 MP: 4/4
  2765 | D:4      | Noticed a toenail golem
  2833 | D:4      | Noticed a phantom
  2857 | D:4      | Killed a phantom
  2967 | D:4      | Noticed ChiefBigBeans's ghost (novice DjFE)
  2972 | D:4      | Found a transporter.
  3037 | D:4      | Found a transporter.
  3038 | D:4      | Found Hugiuh's Vocational Training.
  3123 | D:4      | Noticed Duvessa
  3128 | D:4      | Killed Duvessa
  3129 | D:4      | Reached XP level 6. HP: 53/53 MP: 5/5
  3132 | D:4      | Noticed Dowan
  3143 | D:4      | Killed Dowan
  3373 | D:4      | Reached skill level 6 in Axes
  3380 | D:4      | Found Guqauff's Armour Shoppe.
  3544 | D:4      | Found a one-way gate to the infinite horrors of the Abyss.
  3664 | D:4      | Found a runed translucent door.
  3665 | D:4      | Noticed Crazy Yiuf
  3672 | D:4      | Killed Crazy Yiuf
  3673 | D:4      | Reached skill level 5 in Armour
  3754 | D:5      | Entered Level 5 of the Dungeon
  4021 | D:5      | Noticed Blork the orc
  4025 | D:5      | Killed Blork the orc
  4026 | D:5      | Reached skill level 5 in Fighting
  4026 | D:5      | Reached XP level 7. HP: 61/61 MP: 6/6
  4083 | D:5      | Found a staircase to the Ecumenical Temple.
  4189 | D:5      | Found a hide-covered altar of Uskayaw.
  4191 | D:5      | Noticed Grinder
  4201 | D:5      | Paralysed by Grinder for 2 turns
  4204 | D:5      | Killed Grinder
  4205 | D:5      | Reached skill level 7 in Axes
  4205 | D:5      | Reached skill level 1 in Stealth
  4547 | D:4      | Bought a +0 plate armour for 276 gold pieces
  5069 | D:6      | Reached XP level 8. HP: 69/69 MP: 7/7
  5074 | D:6      | Reached skill level 8 in Axes
  5124 | D:6      | HP: 2/68 [something/magic dart (3)]
  5124 | D:6      | Slain by a gnoll

Illustrated notes

Levels and vault maps discovered:
D:1:      evilmike_arrival_come_back, layout_loops_cross, serial_forest,
          infiniplex_forest_lined_3_way, infiniplex_forest_clump_small,
          infiniplex_forest_lined_room_3, infiniplex_forest_end_3,
          infiniplex_forest_corner_1, infiniplex_forest_clump_C,
          infiniplex_forest_straight_4, infiniplex_forest_end_2
D:2:      layout_loops_corners, basic_altar, chequers_hall_statues_wall_a
D:3:      layout_loops_ring, okawaru_gym_becter, nicolae_overflow_hidden_temple,
          uniq_jessica
D:4:      layout_loops_corners, gammafunk_ghost_abyssal_escape, serial_shops,
          nicolae_shop_stone, nicolae_shop_vocational, uniq_crazy_yiuf_cottage,
          uniq_duvessa
D:5:      corexii_shack_village, layout_gridville, amcnicky_altar_gilded,
          minmay_temple_entry_ruins, grunt_ministairs_11, dk_noncrumbling_3,
          uniq_blork_the_orc, uniq_grinder
D:6:      layout_cave_pools, vehumet_crystals, zin_academy, minmay_statues_item,
          kennysheep_generic_room_3, uniq_sigmund, uniq_maggie

Skill      XL: |  1  2  3  4  5  6  7  8 |
---------------+-------------------------+-----
Axes           | 4 5 6 7 8 |  8.2
Fighting       | 4 5 |  5.7
Shields        | 1 2 3 4 |  4.1
Armour         | 3 4 5 6 |  6.3
Dodging        | 3 |  3.7
Stealth        | 1 |  1.2

Action                     |  1- 3 |  4- 6 |  7- 9 || total
---------------------------+-------+-------+-------++-------
  Melee: Hand axe          |    67 |   133 |       ||   200
         Headbutt          |     6 |    17 |     7 ||    30
         War axe           |       |       |    55 ||    55
 Invoke: Berserk           |     1 |     7 |     2 ||    10
 Armour: Leather armour    |     9 |       |       ||     9
         Ring mail         |     7 |    19 |       ||    26
         Scale mail        |       |    24 |     4 ||    28
         Plate armour      |       |       |    12 ||    12
  Dodge: Dodged            |    31 |    46 |    14 ||    91
  Block: Kite shield       |    12 |    70 |    34 ||   116
         Reflection        |       |     8 |     6 ||    14
